Map: Terraform LE (Void)

Players

MyAPMislow - Winner!

  • Race: Terran Terran
  • League: Platinum

ReeK

  • Race: Terran Terran
  • League: Platinum

VOD

Have the link to the VOD?

Description

Time

  • Played on: Sept. 17, 2015, 7:58 a.m.
  • Length: 29:09
Show
View Real Time Build Order
Export as new Build Order

MyAPMislow Terran - Winner!

Build Orders: MMM Bio 

Get SALT Encoding   

  12  0:01  SCV  
  13  0:13  SCV  
  14  0:18  Supply Depot  
  14  0:25  SCV  
  15  0:41  Barracks  
  15  0:44  Refinery  
  15  0:47  SCV  
  16  0:59  SCV  
  17  1:11  SCV  
  18  1:28  Reaper, Orbital Command  
  19  1:36  Supply Depot  
  19  1:54  SCV  
  19  1:56  Refinery  
  19  2:00  Reaper  
  21  2:09  SCV  
  22  2:21  SCV  
  23  2:23  Command Center, Factory  
  23  2:33  SCV, Marine  
  25  2:45  SCV  
  25  2:47  Supply Depot  
  26  2:55  Marine  
  26  2:57  SCV  
  28  3:13  SCV  
  28  3:14  Hellion  
  31  3:29  SCV  
  31  3:30  Marine  
  33  3:34  Orbital Command  
  33  3:35  Hellion  
  33  3:36  Barracks  
  33  3:37  Barracks  
  33  3:40  Engineering Bay  
  35  3:50  SCV  
  36  3:56  Hellion  
  36  3:59  Orbital Command  
  36  4:02  SCV  
  37  4:11  Terran Infantry Weapons Level 1  
  37  4:14  SCV  
  38  4:18  Hellion  
  38  4:20  Bunker  
  40  4:24  Barracks Tech Lab  
  40  4:25  Barracks Tech Lab  
  40  4:26  SCV  
  40  4:27  SCV  
  40  4:31  Engineering Bay  
  42  4:38  SCV  
  42  4:42  Command Center, SCV  
  42  4:45  Combat Shields  
  44  4:46  Stimpack  
  42  4:55  SCV x2  
  43  5:00  Terran Infantry Armor Level 1  
  43  5:01  Marine  
  43  5:02  Marine  
  45  5:07  SCV x2  
  45  5:10  Barracks Reactor  
  45  5:13  Factory Reactor  
  47  5:16  Refinery, Starport  
  47  5:19  SCV x2  
  49  5:27  Marine x2  
  51  5:31  SCV  
  52  5:36  SCV  
  52  5:39  Armory  
  53  5:43  SCV  
  53  5:44  Supply Depot  
  53  5:48  SCV  
  53  5:54  Marauder x2, Marine x2  
  53  5:55  SCV  
  53  5:56  Orbital Command  
  54  6:00  SCV  
  54  6:04  Barracks  
  55  6:07  Concussive Shells  
  55  6:08  SCV  
  56  6:11  Refinery  
  56  6:12  Factory Reactor  
  56  6:14  Marine x2  
  56  6:16  SCV  
  59  6:20  SCV  
  59  6:21  Marauder  
  59  6:25  SCV  
  63  6:26  Supply Depot  
  62  6:34  Marine  
  62  6:39  Marine x2  
  64  6:44  Marine  
  64  6:49  SCV x2  
  64  6:52  Marine  
  62  6:55  Medivac x2, Marine  
  62  6:57  Marine  
  62  6:58  Marauder  
  70  7:01  SCV  
  70  7:03  SCV  
  70  7:08  Marauder  
  74  7:13  SCV  
  74  7:15  SCV  
  76  7:17  Orbital Command  
  76  7:18  Terran Infantry Weapons Level 2, Terran Infantry Armor Level 2  
  76  7:19  Factory Tech Lab  
  76  7:20  Terran Vehicle And Ship Armor Level 1  
  76  7:26  SCV  
  76  7:27  SCV  
  70  7:38  SCV  
  70  7:39  SCV, Marauder x2, Marine x4  
  80  7:50  SCV  
  80  7:51  Siege Tank, Medivac  
  83  7:56  Supply Depot, SCV x2, Medivac  
  83  7:57  Marine  
  90  8:00  Marine x3  
  90  8:02  SCV  
  94  8:08  SCV x2  
  94  8:17  Marine  
  94  8:18  Marauder, Marine  
  95  8:23  Marine x2  
  95  8:24  Siege Tank, Marauder  
  95  8:25  Medivac  
  104  8:31  Barracks  
  104  8:32  Barracks  
  104  8:33  Barracks  
  104  8:35  Marine x2  
  104  8:37  SCV x3  
  104  8:39  Bunker  
  109  8:42  Supply Depot  
  109  8:43  Supply Depot  
  109  8:47  Marauder x2, Marine x2  
  109  8:48  Supply Depot  
  115  8:49  SCV x2  
  117  9:03  Supply Depot, Marine x2  
  117  9:04  SCV  
  117  9:09  Marine x2, Siege Tank, Marauder  
  126  9:14  Marine  
  126  9:16  Medivac x2  
  131  9:30  Marauder  
  133  9:32  Barracks Reactor, Barracks Tech Lab  
  133  9:33  Marauder, Marine x3  
  133  9:34  Barracks Tech Lab  
  133  9:41  Siege Tank  
  136  9:47  Marine  
  136  9:50  Marine  
  136  9:51  Marauder, Marine  
  120  9:53  Marine x2  
  120  9:55  Marine x2  
  120  9:56  Medivac x2  
  120  9:57  SCV x2  
  120  9:58  SCV  
  129  10:06  Command Center  
  126  10:09  Marauder  
  126  10:11  Marine x5  
  126  10:12  Marine  
  126  10:13  Marine x2, Siege Tank, Marauder  
  141  10:17  SCV x3  
  129  10:29  Marine x6  
  129  10:32  Marine x2  
  129  10:35  Marine x2  
  139  10:40  SCV  
  140  10:47  Marine  
  140  10:49  Marine  
  138  10:58  Marine x2  
  138  11:02  Marine  
  138  11:03  Marauder, Marine x2  
  138  11:04  Siege Tank, Marauder x2  
  145  11:05  Medivac x2  
  152  11:12  Marine  
  152  11:13  Marine  
  154  11:21  Marauder  
  154  11:24  SCV  
  153  11:25  SCV  
  153  11:36  SCV  
  153  11:37  SCV x2  
  156  11:41  Marine x4  
  156  11:42  Marine  
  156  11:43  Marauder  
  161  11:48  SCV  
  161  11:53  Refinery  
  162  11:55  Refinery  
  162  11:57  Marine x3  
  162  11:58  Marauder  
  162  11:59  Siege Tank  
  162  12:00  SCV, Medivac x2  
  175  12:07  Marine x5  
  180  12:12  Supply Depot  
  180  12:14  Supply Depot  
  180  12:21  SCV, Marauder  
  176  12:22  Barracks  
  176  12:23  Barracks  
  176  12:24  Barracks  
  176  12:25  Barracks  
  176  12:27  Barracks  
  161  12:36  Marine x4  
  162  12:37  Marine  
  162  12:40  Marine  
  162  12:41  Marine x3  
  162  12:42  Marine  
  147  12:54  Siege Tank, Marine x4  
  147  12:55  Marine  
  132  12:58  Planetary Fortress, Marine  
  132  12:59  Marauder x2, Marine  
  132  13:00  SCV x3, Marine  
  142  13:11  Marine x2  
  142  13:12  Marine x2  
  145  13:17  Marauder  
  145  13:18  Marauder  
  147  13:22  Marine x2  
  147  13:23  Marine x2  
  151  13:28  Siege Tank  
  151  13:29  Viking x2, Marine x2  
  160  13:36  Marine  
  160  13:38  Marauder  
  160  13:39  Marauder  
  160  13:41  Terran Vehicle And Ship Armor Level 2, Terran Infantry Weapons Level 3, Terran Infantry Armor Level 3  
  165  13:43  Marine x2  
  165  13:45  Marine  
  165  13:46  Marine  
  168  14:00  Marine x3  
  171  14:06  Marine x3  
  171  14:07  Marine x4  
  171  14:08  Marauder x3  
  171  14:09  Medivac  
  176  14:21  Marine x5  
  168  14:24  Marine  
  168  14:28  Marine x2  
  168  14:29  Marauder  
  168  14:30  Marine  
  168  14:31  Marine x5  
  174  14:43  Marine x4  
  174  14:44  Marine  
  177  14:46  Marine x3  
  177  14:51  Marine  
  177  14:52  Marine  
  182  14:53  Marine x2  
  182  14:59  Marine  
  183  15:00  Marine x2  
  185  15:10  Marine x3  
  185  15:11  Marauder  
  185  15:12  Marine x2  
  184  15:18  Marine  
  184  15:21  Marine x2  
  179  15:22  Marauder  
  177  15:33  Marine x3  
  177  15:34  Marauder, Marine  
  176  15:35  Marine  
  176  15:36  Marine  
  139  15:50  Marine x4  
  139  15:51  Marine, Marauder  
  139  15:55  Marine x2  
  136  15:59  Marine x2  
  138  16:13  Marine x2  
  138  16:15  Marine x2  
  138  16:16  Marine x2  
  138  16:17  Marine  
  125  16:35  Marine x2  
  125  16:36  Marauder, Marine  
  125  16:39  Marine x3  
  123  16:40  Marine x2  
  123  16:41  Marauder  
  117  16:50  Marine  
  117  16:52  Siege Tank  
  109  16:59  Marine x3  
  110  17:06  Marine x3  
  110  17:12  Marauder  
  112  17:19  Marine x2  
  112  17:21  Orbital Command  
  112  17:22  Marauder x2  
  105  17:33  SCV  
  97  17:45  SCV  
  97  17:47  Marauder x3  
  100  17:54  Medivac x2  
  100  17:56  Siege Tank, Marine  
  100  17:57  Marine x4  
  109  18:11  Marine x2  
  109  18:12  Marauder x2  
  100  18:17  Marine x3  
  100  18:18  Marine  
  103  18:28  Siege Tank  
  103  18:31  SCV  
  103  18:32  Marine x2  
  109  18:41  Marine x2  
  106  18:43  SCV  
  106  18:46  Marine x2  
  108  18:55  SCV  
  109  18:56  Marine  
  109  18:57  Marine  
  109  18:59  Marine x2  
  109  19:00  Marine x2  
  109  19:02  Marine  
  95  19:07  SCV  
  95  19:09  SCV  
  98  19:15  Marine  
  99  19:19  SCV  
  98  19:27  Marine x3  
  84  19:31  SCV  
  84  19:35  Marine  
  73  19:43  SCV  
  73  19:44  Marine x3  
  68  19:53  Marine x2  
  68  19:55  SCV  
  68  19:57  Marine x4  
  74  20:07  Marine x4  
  74  20:11  Siege Tank  
  74  20:12  Medivac x2  
  82  20:16  Marine  
  82  20:18  Marine x2  
  84  20:33  Marine x2  
  86  20:40  Marine  
  86  20:41  Marine x3  
  86  20:42  Marine, Marauder x3  
  97  20:51  Marine x2  
  97  20:58  Marine  
  97  21:02  SCV x3  
  97  21:03  Marine x3  
  93  21:05  Marine x2  
  95  21:17  SCV x4, Marine  
  95  21:18  Marine x3  
  101  21:19  Marauder  
  101  21:22  Marine x2  
  102  21:30  Marine x3  
  105  21:35  Marine x3  
  105  21:36  SCV x3, Marauder  
  113  21:46  Marine x3  
  116  21:48  Marine x2  
  112  21:54  Siege Tank  
  112  21:55  Marine  
  116  22:06  Marine x2  
  117  22:10  Orbital Command  
  117  22:21  Marine x2  
  110  22:27  Marine x3  
  101  22:30  Marine x2  
  101  22:31  Marauder x2  
  107  22:44  Marine x3  
  105  22:55  Marine x5  
  105  22:56  Marine x2  
  112  23:08  Marine x2  
  112  23:09  Siege Tank  
  112  23:10  Medivac x2  
  121  23:13  Terran Vehicle Weapons Level 1  
  120  23:28  Marine x4  
  120  23:29  Marine x3  
  120  23:30  Marauder x2, Marine  
  132  23:46  Marine x5  
  132  23:47  Marine x2  
  139  23:54  Marine x2  
  139  23:55  SCV x4  
  129  24:07  SCV x4  
  133  24:19  SCV x2  
  135  24:27  Marine x5  
  135  24:28  Marine, Marauder x2  
  135  24:31  SCV x3  
  146  24:33  SCV  
  149  24:43  SCV x2, Viking  
  149  24:44  Viking  
  155  24:53  Marine x5  
  155  24:55  Marine  
  158  25:03  Marine x3  
  135  25:09  Marine  
  135  25:11  Siege Tank, Marine x4  
  129  25:41  Command Center  
  129  25:45  Viking x2  
  129  25:47  Marine  
  129  25:48  Command Center  
  134  25:56  Marine x2  
  134  25:57  Marine x3  
  133  26:15  Viking  
  122  26:22  Viking  
  122  26:23  Marauder x3  
  122  26:24  Marauder, Marine x3  
  134  26:37  Marine x2  
  124  26:44  SCV  
  124  26:45  SCV x3, Marine x3, Marauder  
  124  26:46  Marine, Marauder  
  121  26:59  Marine x3  
  121  27:00  Marauder  
  126  27:02  Planetary Fortress  
  126  27:03  Marine  
  126  27:06  Marauder  
  129  27:11  Marine x3  
  129  27:12  Marauder  
  134  27:17  SCV, Marine  
  134  27:18  SCV  
  137  27:29  Orbital Command  
  137  27:30  SCV  
  138  27:42  SCV  
  139  27:48  Marine x3, Marauder x2  
  139  27:49  Marine x5  
  151  27:52  SCV, Refinery  
  151  27:53  Refinery  
  149  28:04  SCV x2  
  151  28:06  Marine x3  
  151  28:11  Marine x6  
  151  28:12  Marine  
  159  28:16  SCV x2  
  150  28:28  SCV x2, Marine  
  150  28:29  Marine x3  
  156  28:35  Marine x3  
  156  28:36  Marine x3  
  156  28:37  Viking  
  156  28:40  SCV  
  167  28:46  Marine  
  168  28:51  Marine x3  
  168  28:52  SCV  
Show
View Real Time Build Order
Export as new Build Order

ReeK Terran 

Build Orders: Mech 

Get SALT Encoding   

  12  0:01  SCV  
  13  0:13  SCV  
  14  0:17  Supply Depot  
  14  0:25  SCV  
  14  0:28  Refinery  
  15  0:39  SCV  
  16  0:45  Barracks  
  16  0:51  SCV  
  17  1:03  SCV  
  18  1:16  SCV  
  19  1:18  Refinery  
  19  1:34  Marine  
  19  1:37  Orbital Command  
  20  1:43  Factory  
  20  1:52  Marine  
  20  1:53  Supply Depot  
  21  2:02  SCV  
  22  2:10  Marine  
  23  2:17  SCV  
  23  2:28  Marine  
  24  2:30  Factory Reactor  
  24  2:33  SCV, Starport  
  25  2:49  Command Center  
  24  2:53  Marine  
  22  3:08  Hellion  
  22  3:09  Hellion  
  26  3:12  Medivac  
  27  3:23  Supply Depot  
  27  3:26  SCV  
  28  3:32  Hellion  
  30  3:45  Hellion  
  32  3:54  Hellion  
  34  4:04  SCV  
  34  4:06  Barracks Tech Lab  
  34  4:07  Hellion  
  37  4:14  Factory  
  37  4:16  SCV  
  38  4:20  Orbital Command  
  39  4:31  SCV  
  39  4:33  Widow Mine  
  39  4:35  Widow Mine  
  43  4:59  SCV  
  36  5:00  Orbital Command  
  36  5:02  Hellion  
  36  5:04  Hellion  
  40  5:15  SCV  
  40  5:18  Command Center, Infernal Pre-Igniter  
  41  5:24  Hellion  
  41  5:27  SCV  
  44  5:29  Hellion  
  46  5:46  Hellion x2  
  50  5:56  SCV x2  
  52  5:59  Refinery x2  
  52  6:06  Supply Depot, Factory  
  52  6:14  SCV x2  
  52  6:16  Hellion x2  
  58  6:22  Armory  
  56  6:43  Hellion x3  
  58  6:50  SCV x2  
  56  7:03  Engineering Bay  
  56  7:11  Factory Tech Lab  
  56  7:16  SCV x2  
  56  7:21  Siege Tank  
  56  7:22  Terran Vehicle Weapons Level 1  
  61  7:28  SCV x2  
  57  7:40  SCV, Hellion x3  
  64  7:53  Hellion  
  64  7:54  SCV  
  64  7:55  SCV  
  68  8:01  Hellion  
  58  8:21  Hellion, Siege Tank x2  
  58  8:23  Hellion  
  66  8:31  Starport Reactor  
  66  8:34  SCV x2  
  68  8:42  Armory  
  68  8:48  Missile Turret  
  68  8:49  Missile Turret  
  68  8:50  Missile Turret x2  
  68  8:51  Missile Turret  
  68  8:53  Siege Tank  
  71  8:58  SCV  
  72  9:09  Hellion x2, Siege Tank  
  79  9:10  Missile Turret  
  79  9:11  Missile Turret  
  79  9:13  Viking x2, Missile Turret  
  79  9:14  Missile Turret  
  81  9:25  Siege Tank  
  77  9:58  Hellion x2  
  77  10:00  SCV x2  
  77  10:06  Siege Tank  
  77  10:07  Siege Tank  
  83  10:08  Terran Vehicle Weapons Level 2  
  83  10:09  Terran Vehicle And Ship Armor Level 1  
  83  10:13  Supply Depot  
  83  10:20  Hellion  
  85  10:30  Viking x2  
  85  10:34  Hellion  
  91  10:39  Siege Tank x2  
  91  10:41  Hellion  
  93  11:18  Supply Depot x2  
  93  11:19  Supply Depot  
  93  11:26  Siege Tank  
  93  11:28  Hellion  
  92  11:37  Viking  
  92  11:39  Viking, Siege Tank  
  99  11:46  Command Center  
  97  11:57  Command Center  
  97  12:08  Viking  
  99  12:09  Viking  
  101  12:40  Viking x2  
  101  12:41  Siege Tank x2  
  101  12:42  Hellion  
  102  13:02  Supply Depot  
  102  13:03  Supply Depot  
  102  13:05  SCV  
  104  13:07  Hellion x2  
  104  13:08  Terran Vehicle And Ship Armor Level 2  
  104  13:09  Terran Vehicle Weapons Level 3  
  104  13:10  Viking x2  
  111  13:13  Hellion  
  113  13:20  Hellion  
  113  13:28  Hellion  
  118  13:48  Siege Tank x2  
  118  13:49  Hellion  
  118  13:50  Hellion  
  118  13:53  Hellion x5  
  123  14:10  Hellion  
  123  14:11  Hellion  
  124  14:21  Hellion x2  
  118  14:31  Hellion  
  120  14:42  Siege Tank x2  
  128  14:46  Hellion  
  128  14:59  Hellion  
  132  15:07  Hellion  
  132  15:14  Siege Tank x2  
  133  15:21  Hellion  
  128  15:28  Hellion  
  126  15:42  Hellion  
  126  15:46  Hellion, Siege Tank  
  130  15:50  Hellion  
  130  16:04  SCV, Hellion  
  133  16:08  Hellion  
  137  16:11  Hellion, Orbital Command  
  124  16:57  Orbital Command  
  124  17:27  Siege Tank  
  124  17:28  Hellion x2  
  120  17:50  Hellion  
  112  17:59  Siege Tank  
  91  18:16  Hellion x2  
  83  18:31  Siege Tank  
  88  18:56  Hellion x2  
  88  19:00  Orbital Command  
  84  19:04  Siege Tank  
  87  19:24  Hellion x2  
  52  19:48  Command Center  
  49  19:52  Siege Tank  
  49  19:53  Hellion x2  
  45  20:34  SCV  
  40  20:40  Siege Tank  
  43  20:53  Hellion x2  
  45  21:11  Orbital Command  
  45  21:13  Hellion  
  45  21:14  Hellion  
  47  21:27  Hellion  
  49  21:34  Hellion  
  47  21:45  Orbital Command  
  46  22:03  Hellion, Siege Tank  
  51  22:11  Hellion x5  
  45  22:35  Hellion x2, Siege Tank  
  48  22:52  SCV  
  49  23:05  SCV  
  48  23:56  Siege Tank  
  48  23:57  Hellion x2  
  55  24:05  SCV x2  
  53  24:20  Hellion x2  
  55  24:28  SCV  
  55  24:29  SCV  
  56  24:51  Orbital Command  
  47  25:22  Viking x2  
  51  25:39  SCV  
  51  25:40  SCV  
  53  25:48  Siege Tank  
  56  25:52  SCV  
  45  26:27  Viking x2  
  49  26:39  SCV x2  
  48  27:31  Refinery  
  48  27:32  Hellion  
  48  27:33  Hellion x2  
  54  27:54  Hellion  
  51  28:26  Refinery  
  51  28:38  Hellion x2  
Tags
 
Add a new tag
Caveats
  • Supply blocks, unpowered buildings, or Contaminate may cause inaccurate times.
  • Supply counts are checked every 10 seconds.